 Dungeon Crawl Stone Soup version 0.18-b1-22-ge198996 (webtiles) character file.

5629 Tarnath the Covert (level 10, -1/44 HPs)
             Began as a Spriggan Enchanter on May 4, 2016.
             Was an Initiate of Gozag.
             Killed by divine providence
             ... invoked by an orc priest
              (13 damage)
             ... on level 10 of the Dungeon.
             The game lasted 00:37:38 (8424 turns).

Tarnath the Covert (Spriggan Enchanter)             Turns: 8424, Time: 00:37:39

Health: -1/44      AC:  4    Str:  4    XL:     10   Next: 46%
Magic:  10/20      EV: 27    Int: 17    God:    Gozag
Gold:   247        SH:  0    Dex: 20    Spells: 4 memorised, 12 levels left

rFire  . . .     SeeInvis +     b - +2 dagger (freeze)
rCold  + . .     Gourm    .     x - +2 robe
rNeg   . . .     Faith    .     (shield restricted)
rPois  .         Spirit   .     (helmet restricted)
rElec  .         Dismiss  .     (no cloak)
rCorr  .         Reflect  .     (gloves unavailable)
SustAt .         Harm     .     (boots unavailable)
MR     +....                    (no amulet)
Stlth  ++++++....               f - +4 ring of slaying
                                k - ring of protection from cold

@: gold aura, very quick, somewhat resistant to hostile enchantments, very
stealthy
A: unfitting armour, see invisible, herbivore 3, speed 3, slow metabolism 2
a: Potion Petition, Call Merchant, Bribe Branch, Renounce Religion


You were on level 10 of the Dungeon.
You worshipped Gozag.
Gozag was noncommittal.
You were not hungry.

You visited 2 branches of the dungeon, and saw 11 of its levels.

You collected 1306 gold pieces.
You spent 272 gold pieces at shops.
You paid 787 gold pieces to Gozag.

Inventory:

Hand Weapons
 a - a +1 rapier of venom
 b - a +2 dagger of freezing (weapon)
Missiles
 h - 2 tomahawks of dispersal (quivered)
Armour
 g - a +0 buckler
 x - a +2 robe (worn)
Jewellery
 f - a +4 ring of slaying (right hand)
 i - an uncursed ring of resist corrosion
 k - a ring of protection from cold (left hand)
 H - an uncursed ring of flight
Wands
 y - a wand of teleportation (2/9)
 z - a wand of random effects (25/48)
Scrolls
 e - 3 scrolls of enchant armour
 m - a scroll of fog
 p - 2 scrolls of blinking
 v - a scroll of recharging
 w - a scroll of fear
 B - a scroll of magic mapping
 C - a scroll of enchant weapon
Potions
 j - a potion of lignification
 l - 3 potions of invisibility
 n - 2 potions of agility
 o - 3 potions of brilliance
 q - 4 potions of curing
 r - a potion of might {unknown}
 u - 2 potions of heal wounds {unknown}
 A - a potion of degeneration {unknown}
 F - a potion of haste {unknown}
 G - 2 potions of flight {unknown}
 I - a potion of cure mutation {unknown}
Books
 c - a book of Maledictions

   Spells                             Type                      Level
   a - Corona                         Hexes                        1
   b - Ensorcelled Hibernation        Hexes/Ice                    2
   c - Confuse                        Hexes                        3
   d - Tukima's Dance                 Hexes                        3
   e - Dazzling Spray                 Conjuration/Hexes            3
 s - an Akashic Record

   Spells                             Type                      Level
   a - Dispersal                      Translocation                6
   b - Malign Gateway                 Summoning/Translocation      7
   c - Disjunction                    Translocation                8
   d - Controlled Blink               Translocation                8
Miscellaneous
 D - a plain deck of changes
 E - a plain deck of defence
Comestibles
 d - 11 bread rations
 t - 3 slices of pizza


   Skills:
 - Level 0.2 Fighting
 * Level 8.9 Short Blades
 + Level 9.4 Dodging
 + Level 12.0 Stealth
 - Level 6.4 Spellcasting
 - Level 1.0 Conjurations
 + Level 9.3 Hexes
 - Level 2.2 Ice Magic


You had 12 spell levels left.
You knew the following spells:

 Your Spells              Type           Power        Failure   Level  Hunger
a - Corona                Hex            #####..      1%          1    None
d - Confuse               Hex            #####...     1%          3    ##.....
f - Dazzling Spray        Conj/Hex       ###.....     6%          3    ##.....
s - Ensorcelled Hibernat  Hex/Ice        ####..       1%          2    None


Dungeon Overview and Level Annotations

Branches:
Dungeon (10/15)            Temple (1/1) D:4            Lair (0/8) D:10
    Orc (0/2) D:9

Altars:
Ashenzari
Dithmenos
Elyvilon
Gozag
Nemelex Xobeh
Pakellas
Trog
Vehumet
Xom
Zin

Shops:
D:8 (   D:9 %


Innate Abilities, Weirdness & Mutations

You are tiny and cannot use many weapons and most armour.
You have supernaturally acute eyesight.
You are a herbivore.
You cover ground extremely quickly.
You need consume almost no food.


Message History

You puncture the orc wizard! You freeze the orc wizard.
The orc wizard is severely wounded.
Casting: Ensorcelled Hibernation
Confirm with . or Enter, or press ? or * to list all spells.
Aiming: Confuse
Press: ? - help, Shift-Dir - straight line, f/p - orc wizard
Aim: an orc wizard, wielding a dagger and wearing a robe (severely wounded, fast, slightly transparent, chance to defeat MR: 65%)
The orc warrior appears confused.
The quokka is distracted by the nearby gold.
You catch the helpless orc warrior completely off-guard!
You perforate the orc warrior like a sieve!!!
You freeze the orc warrior.
You kill the orc warrior!
The orc wizard miscasts a cantrip.
You hit the orc. You freeze the orc.
You kill the orc!
The orc priest invokes the aid of Beogh against you.
Beogh smites you!
You die...
Your body crumbles into a pile of gold.

..##..[..#........#
..##.....#........#...#
..########....#+###...## ..##
#....#......... ...+
#....#......... ...#
#....#....r....
..########....#.........
..#...........#.........
###.)####..#####@# ###+##
.....#.[#++#[.##$###....###+#
.....#.#....#.#.oo..........#
.....##..(...##.oo..........#
...##.'......'..............#
...#..'......'..............#
...#.##......##.####.....###
...#.#.#....#.####.......).##
.. ###.(#++#.)# #...P...%...#


You could see an orc priest, 2 orc wizards, an orc and a quokka.

Vanquished Creatures
  A salamander stormcaller (D:10)
  The ghost of George the Slasher, a novice DsGl (D:5)
  5 yaks (D:9)
  Edmund (D:6)
  Menkaure (D:7)
  A warg (D:10)
  A black bear (D:6)
  3 orc warriors
  2 ice beasts
  A sky beast (D:6)
  A wasp (D:9)
  3 necrophages
  6 ogres
  3 centaurs
  3 giant frogs
  A wyvern skeleton (D:10)
  A killer bee (D:10)
  4 wights (D:8)
  4 howler monkeys
  7 crimson imps
  2 giant frog zombies (D:8)
  5 hounds
  4 orc priests
  3 iguanas
  4 orc wizards
  A worker ant (D:4)
  A hound zombie (D:9)
  A hound skeleton (D:6)
  A mummy (D:8)
  2 worker ant zombies (D:8)
  9 adders
  4 shadow imps
  2 oozes (D:2)
  An adder skeleton (D:8)
  An adder zombie (D:8)
  3 worms
  2 dart slugs (D:1)
  3 giant geckos
  18 orcs
  7 bats
  9 giant cockroaches
  4 goblins
  5 hobgoblins
  5 kobolds
  2 quokkas
  6 giant newts
  2 jackal skeletons
  A jackal zombie (D:8)
  2 quokka zombies
  8 rats
  2 butterflies (D:8)
170 creatures vanquished.

Notes
Turn   | Place    | Note
--------------------------------------------------------------
     0 | D:1      | Tarnath the Spriggan Enchanter began the quest for the Orb.
     0 | D:1      | Reached XP level 1. HP: 9/9 MP: 5/5
   299 | D:1      | Reached XP level 2. HP: 8/13 MP: 4/6
   303 | D:1      | Learned a level 2 spell: Ensorcelled Hibernation
   762 | D:1      | Reached skill level 5 in Stealth
   807 | D:1      | Reached XP level 3. HP: 16/16 MP: 8/8
  1024 | D:1      | Learned a level 3 spell: Confuse
  1290 | D:2      | Reached skill level 6 in Stealth
  1337 | D:2      | Reached XP level 4. HP: 20/21 MP: 9/9
  2408 | D:3      | Found a shattered altar of Ashenzari.
  2439 | D:3      | Found a bloodstained altar of Trog.
  2455 | D:3      | Noticed a necrophage
  2485 | D:3      | Killed a necrophage
  2485 | D:3      | Reached skill level 7 in Stealth
  2485 | D:3      | Reached XP level 5. HP: 24/24 MP: 4/10
  3556 | D:4      | Learned a level 3 spell: Dazzling Spray
  3626 | D:4      | Reached XP level 6. HP: 28/28 MP: 11/11
  3654 | D:4      | Found a staircase to the Ecumenical Temple.
  3659 | Temple   | Entered the Ecumenical Temple
  3696 | Temple   | Became a worshipper of Gozag Ym Sagoz the Greedy
  3798 | D:4      | Reached skill level 1 in Ice Magic
  4037 | D:5      | Entered Level 5 of the Dungeon
  4038 | D:5      | Noticed George's ghost (novice DsGl)
  4081 | D:5      | Reached skill level 5 in Hexes
  4102 | D:5      | Reached XP level 7. HP: 32/32 MP: 7/12
  4490 | D:5      | Found an oddly glowing altar of Pakellas.
  4554 | D:5      | Found a shadowy altar of Dithmenos.
  4595 | D:5      | Reached skill level 8 in Stealth
  4720 | D:5      | Killed George's ghost
  5046 | D:6      | Noticed Edmund
  5052 | D:6      | Killed Edmund
  5052 | D:6      | Reached XP level 8. HP: 36/36 MP: 16/16
  5076 | D:6      | Reached skill level 5 in Dodging
  5111 | D:6      | Reached skill level 9 in Stealth
  5151 | D:6      | Reached skill level 5 in Short Blades
  5708 | D:6      | Found a glowing silver altar of Zin.
  5712 | D:6      | Found a sparkling altar of Nemelex Xobeh.
  5718 | D:6      | Found a white marble altar of Elyvilon.
  6446 | D:7      | Reached skill level 1 in Conjurations
  6446 | D:7      | Reached XP level 9. HP: 38/39 MP: 17/17
  6669 | D:7      | Reached skill level 10 in Stealth
  6669 | D:7      | Reached skill level 5 in Spellcasting
  6830 | D:7      | Noticed Menkaure
  6840 | D:7      | Killed Menkaure
  7169 | D:8      | Found a shimmering altar of Xom.
  7622 | D:9      | Found a staircase to the Orcish Mines.
  7709 | D:9      | Reached skill level 11 in Stealth
  7738 | D:9      | Found Poegg's Food Shop.
  7742 | D:9      | Bought a bread ration for 65 gold pieces
  7742 | D:9      | Bought a bread ration for 65 gold pieces
  7742 | D:9      | Bought a slice of pizza for 19 gold pieces
  7742 | D:9      | Bought 3 fruits for 58 gold pieces
  7742 | D:9      | Bought a bread ration for 65 gold pieces
  7935 | D:9      | Reached XP level 10. HP: 38/44 MP: 1/20
  8175 | D:10     | Entered Level 10 of the Dungeon
  8312 | D:10     | Noticed a salamander stormcaller
  8319 | D:10     | Killed a salamander stormcaller
  8394 | D:10     | Found a staircase to the Lair.
  8415 | D:10     | Reached skill level 12 in Stealth
  8424 | D:10     | Killed from afar by an orc priest

Skill      XL: |  1  2  3  4  5  6  7  8  9 10 |
---------------+-------------------------------+-----
Hexes          | 4 5 6 8 9 |  9.3
Stealth        | 5 6 7 8 9 11 12 | 12.0
Short Blades   | 2 3 4 5 7 8 |  8.9
Dodging        | 4 6 8 9 |  9.4
Ice Magic      | 2 |  2.2
Spellcasting   | 4 6 |  6.4
Conjurations   | 1 |  1.0
Fighting       | |  0.2

Action                   |  1- 3 |  4- 6 |  7- 9 | 10-12 || total
-------------------------+-------+-------+-------+-------++-------
Melee: Dagger            |   128 |   149 |   234 |    22 ||   533
       Rapier            |       |       |    13 |    19 ||    32
 Cast: Corona            |     5 |    14 |    16 |       ||    35
       Ensorcelled Hiber |       |    16 |    42 |     4 ||    62
       Confuse           |       |     6 |    20 |     3 ||    29
       Dazzling Spray    |       |       |     2 |       ||     2
Invok: Call Merchant     |       |       |     1 |       ||     1
  Use: Scroll            |       |    14 |     5 |       ||    19
 Stab: Sleeping          |    10 |    19 |    29 |     9 ||    67
       Distracted        |     1 |     1 |     4 |       ||     6
       Confused          |       |     3 |    12 |     2 ||    17
  Eat: Pizza             |       |     1 |       |       ||     1
       Bread ration      |       |     1 |       |       ||     1
       Fruit             |       |       |     3 |       ||     3
Armor: Robe              |    22 |    18 |    11 |     1 ||    52
Dodge: Dodged            |   123 |    99 |   167 |    23 ||   412
